 Dungeon Crawl Stone Soup version 0.26-a0-812-g31a745ddcd (webtiles) character file.

Game seed: 10414544049879199279

674 Allar the Cutter (level 7, -4/52 HPs)
             Began as a Human Wanderer on Nov 29, 2020.
             Was a Follower of Dithmenos.
             Killed by divine providence
             ... invoked by an orc priest
              (15 damage)
             ... on level 5 of the Dungeon on Nov 30, 2020.
             The game lasted 00:44:03 (6879 turns).

Allar the Cutter (Human Wanderer)                   Turns: 6879, Time: 00:44:04

Health: -4/52      AC:  6    Str: 13    XL:     7   Next: 90%
Magic:  7/7        EV: 15    Int: 14    God:    Dithmenos [*.....]
Gold:   127        SH:  0    Dex: 12    Spells: 6/6 levels left

rFire    . . .     SeeInvis .   b - +0 short sword
rCold    . . .     Faith    .   (no shield)
rNeg     . . .     Spirit   .   C - +0 leather armour
rPois    .         Reflect  .   (no helmet)
rElec    .         Harm     .   e - +1 cloak
rCorr    .         Rampage  .   f - +0 pair of gloves
MR       .....                  (no boots)
Stlth    +++.......             (no amulet)
HPRegen  0.17/turn              u - -4 ring of slaying (curse)
MPRegen  0.10/turn              (no ring)

@: wreathed by umbra
A: hooves 1, frail 1
a: Renounce Religion


You were on level 5 of the Dungeon.
You worshipped Dithmenos.
Dithmenos was aware of your devotion.
You visited 1 branch of the dungeon, and saw 5 of its levels.

You collected 203 gold pieces.
You spent 76 gold pieces at shops.

Inventory:

Hand Weapons
 a - a +2 shortbow
 b - a +0 short sword (weapon)
 y - a +0 hunting sling
   (You found it on level 2 of the Dungeon)
 z - a +0 war axe of flaming
   (You found it on level 3 of the Dungeon)
Missiles
 c - 38 arrows
 k - 5 boomerangs
 l - 59 stones (quivered)
 q - 4 poisoned darts
 x - 47 sling bullets
Armour
 e - a +1 cloak (worn)
   (You found it on level 3 of the Dungeon)
 f - a +0 pair of gloves (worn)
   (You found it on level 4 of the Dungeon)
 C - a +0 leather armour (worn)
   (You took it off a hobgoblin on level 3 of the Dungeon)
Jewellery
 u - a cursed -4 ring of slaying (left hand)
   (You found it on level 2 of the Dungeon)
Scrolls
 g - a scroll of enchant armour
 h - 2 scrolls of enchant weapon {unknown}
 i - 2 scrolls of amnesia
 s - 2 scrolls of remove curse {@r2}
 v - a scroll of fear
 B - a scroll of immolation {unknown}
 E - a scroll of magic mapping
Potions
 j - a potion of brilliance
 m - 2 potions of heal wounds {@q2}
 p - a potion of lignification {!q}
 t - 2 potions of haste {@q3}


   Skills:
 + Level 6.1 Fighting
 * Level 7.9 Short Blades
   Level 1.0 Polearms
 - Level 2.0 Bows
 + Level 5.1 Throwing
 - Level 1.0 Armour
 + Level 6.5 Dodging
 + Level 6.5 Stealth
 - Level 1.0 Invocations


You had 6 spell levels left.
You didn't know any spells.
Your spell library contained the following spells:

 Spells                   Type           Power        Failure   Level
 Magic Dart               Conj           #...         36%         1
 Blink                    Tloc           N/A          50%         2
 Call Imp                 Summ           #.......     50%         2
 Slow                     Hex            #.......     50%         2
 Conjure Flame            Conj/Fire      #.......     73%         3
 Mephitic Cloud           Conj/Pois/Air  #.......     73%         3


Dungeon Overview and Level Annotations

Branches:
Dungeon (5/15)
 Temple: D:4-7

Altars:
Dithmenos
Okawaru
Wu Jian
Yredelemnul
The Shining One

Shops:
D:5 ?*

Annotations:
D:1 exclusion: downstairs
D:2 Grinder


Innate Abilities, Weirdness & Mutations

You have large cloven feet.
You are frail. (-10% HP)


Message History

You closely miss the worker ant. Your kick misses the worker ant.
You feel sick. The worker ant misses you.
You barely miss the worker ant.
You feel sick. The worker ant bites you.
You hit the worker ant. The worker ant bites you.
* * * LOW HITPOINT WARNING * * *
You are more poisoned.
The worker ant poisons you!
You hit the worker ant but do no damage.
You feel sick. The worker ant misses you.
You hit the worker ant.
You kill the worker ant!
Dithmenos accepts your kill.
You feel sick.
No target in view!
No target in view!
You feel sick.
You feel sick.
You feel sick.
You feel sick.
You feel sick.
You feel sick.
You feel sick.
You feel sick.
You feel sick.
You feel sick.
You feel sick.
You feel sick.
You feel sick.
You feel sick.
You feel sick.
You feel sick.
You feel sick.
You feel sick.
You are no longer poisoned.
An orc priest is nearby!
Found 13 arrows.
You see here a worker ant corpse.
Found a stone staircase leading down.
There is an open door here.
The orc priest shouts!
Found an escape hatch in the floor.
You hit the orc priest but do no damage.
The orc priest calls down the wrath of Beogh upon you.
You struggle to resist.
You hit the orc priest.
You kick the orc priest, but do no damage.
You closely miss the orc priest.
The orc priest calls down the wrath of Beogh upon you.
Beogh smites you!
You die...

.#######..>
.#..............
'....^......... ..
#....(.......
.....#........... #....
#...##...# ..
##....##...##o..##...
............#@.......
...............#........
...............'....>...
....!.......†..#........[
....(.....<....#..........
...(........$..#..........#
...............#..........#
...##...###...##..........#
#'###...###...##..........#


You could see an orc priest.

Vanquished Creatures
  3 orc wizards
  An iguana (D:4)
  3 worker ants (D:5)
  4 gnolls
  3 adders
  5 worms
  2 dart slugs (D:3)
  7 leopard geckos
  4 orcs
  10 bats
  2 giant cockroaches
  16 hobgoblins
  15 jackals
  6 kobolds
  A quokka (D:4)
  A ball python (D:1)
  7 frilled lizards
  11 goblins
  A quokka skeleton (D:5)
  11 rats
  A spectral orc (D:4)
114 creatures vanquished.

Notes
Turn   | Place    | Note
-------+----------+-------------------------------------------
     0 | D:1      | Allar the Human Wanderer began the quest for the Orb.
     0 | D:1      | Allar set off with the following items: a +2 shortbow, 23
                  | arrows, a +0 short sword, a scroll of teleportation {@r4},
                  | a +0 robe, a +0 dagger
     0 | D:1      | Reached XP level 1. HP: 15/15 MP: 1/1
   171 | D:1      | Reached XP level 2. HP: 21/21 MP: 2/2
   633 | D:1      | Reached XP level 3. HP: 27/27 MP: 3/3
  1184 | D:1      | Reached XP level 4. HP: 26/34 MP: 4/4
  2172 | D:2      | Found a glowing golden altar of the Shining One.
  2530 | D:2      | Found a shadowy altar of Dithmenos.
  2862 | D:2      | Became a worshipper of Dithmenos the Shadowed
  2961 | D:3      | Noticed Grinder
  3013 | D:3      | Reached XP level 5. HP: 32/40 MP: 5/5
  3295 | D:3      | Found an ornate altar of the Wu Jian Council.
  3478 | D:3      | Reached skill level 1 in Armour
  3704 | D:3      | Reached skill level 1 in Short Blades
  3987 | D:2      | HP: 1/41 [something/magic dart (7)]
  3993 | D:2      | Reached skill level 1 in Invocations
  4517 | D:3      | Reached XP level 6. HP: 34/47 MP: 6/6
  4976 | D:4      | Found a basalt altar of Yredelemnul.
  5310 | D:4      | Found an iron altar of Okawaru.
  5559 | D:5      | Entered Level 5 of the Dungeon
  5559 | D:5      | Found Wucitwos's Magic Scroll Shop.
  5567 | D:5      | Bought a scroll of magic mapping for 38 gold pieces
  5567 | D:5      | Bought a scroll of fear for 38 gold pieces
  5609 | D:4      | Reached skill level 2 in Short Blades
  5889 | D:5      | Found Gozag's Platinum Reserve.
  5950 | D:5      | Noticed an ogre
  6509 | D:4      | Reached * piety under Dithmenos
  6706 | D:5      | Gained mutation: You are frail. (-10% HP) [potion of
                  | mutation]
  6706 | D:5      | Gained mutation: You have large cloven feet. [potion of
                  | mutation]
  6711 | D:5      | Reached skill level 7 in Short Blades
  6711 | D:5      | Reached skill level 5 in Throwing
  6711 | D:5      | Reached XP level 7. HP: 21/52 MP: 7/7
  6879 | D:5      | Killed from afar by an orc priest

Illustrated notes

Levels and vault maps discovered:
D:1:      eino_arrival_water_cross, layout_rooms, minmay_misc_feat_enclosed,
          minmay_pentomino_o4
D:2:      layout_rooms, grunt_dithmenos_smoke_and_mirrors, tso_oasis_becter
D:3:      layout_loops_cross, overflow_temple_1_default, minmay_splitting_lines,
          columned_hall_lemuel, uniq_grinder
D:4:      layout_rooms, okawaru_metal_pillars_1_2,
          yredelemnul_forgotten_temple_becter
D:5:      layout_gridville, serial_shops,
          nicolae_shop_competitors_out_of_business,
          nicolae_gozag_zags_fifth_avenue

Skill      XL: |  1  2  3  4  5  6 |
---------------+-------------------+-----
Fighting       | 2 3 6 |  6.1
Dodging        | 3 6 |  6.5
Armour         | 1 |  1.0
Short Blades   | 1 7 |  7.9
Invocations    | 1 |  1.0
Throwing       | 5 |  5.1
Stealth        | 6 |  6.5
Polearms       | |  1.0
Bows           | |  2.0

Action                   |  1- 3 |  4- 6 |  7- 9 || total
-------------------------+-------+-------+-------++-------
Melee: Short sword       |    98 |   450 |    39 ||   587
       Kick              |       |       |     7 ||     7
 Fire: Shortbow          |    22 |   104 |       ||   126
Throw: Stone             |       |     4 |       ||     4
  Use: Scroll            |       |    10 |       ||    10
       Potion            |       |     8 |     1 ||     9
 Stab: Sleeping          |     2 |     4 |       ||     6
       Invisible         |       |       |     1 ||     1
Armor: Robe              |    24 |    29 |       ||    53
       Ring mail         |       |    32 |       ||    32
       Leather armour    |       |    56 |     5 ||    61
       Skin              |       |     2 |       ||     2
Dodge: Dodged            |    67 |   293 |    22 ||   382

Table legend: (Time is in decaauts)
 A = Elapsed time spent in this place.
 B = Non-inter-level travel time spent in this place.
 C = Inter-level travel time spent in this place.
 D = Time resting spent in this place.
 E = Time spent auto-exploring this place.
 F = Levels seen in this place.
 G = Mean time per level.
                   A        B        C        D        E       F      G
               +--------+--------+--------+--------+--------+-----+--------+
         Total |   6905 |   6608 |    297 |   2768 |   1742 |   5 | 1381.0 |
       Dungeon |   6905 |   6608 |    297 |   2768 |   1742 |   5 | 1381.0 |
               +--------+--------+--------+--------+--------+-----+--------+

Top non-repeatable levels by time:
     D:1: 1793 daAuts
     D:2: 1787 daAuts
     D:3: 1529 daAuts
     D:4: 1404 daAuts
     D:5: 390 daAuts
